 Dungeon Crawl Stone Soup version 0.20-a0-210-gd6c29eb (webtiles) character file.

32 Gorice the Bolt Thrower (level 3, -1/20 HPs)
             Began as a Kobold Arcane Marksman on Nov 26, 2016.
             Slain by an adder (5 damage)
             ... on level 1 of the Dungeon.
             The game lasted 00:02:54 (634 turns).

Gorice the Bolt Thrower (Kobold Arcane Marksman)     Turns: 634, Time: 00:02:55

Health: -1/20      AC:  4    Str:  9    XL:     3   Next: 45%
Magic:  4/4        EV: 15    Int: 14    God:
Gold:   13         SH:  0    Dex: 14    Spells: 3/4 levels left

rFire  . . .     SeeInvis .     b - +0 hand crossbow
rCold  . . .     Gourm    .     e - +0 robe
rNeg   . . .     Faith    .     (shield restricted)
rPois  .         Spirit   .     h - +1 helmet
rElec  .         Reflect  .     (no cloak)
rCorr  .         Harm     .     (no gloves)
MR     .....                    (no boots)
Stlth  +.........               (no amulet)
                                (no ring)
                                (no ring)

@: no status effects
A: carnivore 3
a: no special abilities


You were on level 1 of the Dungeon.
You were completely stuffed.

You visited 1 branch of the dungeon, and saw 1 of its levels.

You collected 13 gold pieces.

Inventory:

Hand Weapons
 a - a +0 dagger of draining
   (You took it off a kobold on level 1 of the Dungeon)
 b - a +0 hand crossbow (weapon)
 l - a +0 short sword
Missiles
 d - 5 bolts (quivered)
 Z - 5 stones
Armour
 e - a +0 robe (worn)
 h - a +1 helmet (worn)
Scrolls
 g - a scroll of identify {unknown}
 i - a scroll of teleportation {unknown}
 k - a scroll of blinking {unknown}
Books
 c - a book of Debilitation
Comestibles
 f - a meat ration {!e}
 j - 4 chunks of flesh


   Skills:
 + Level 1.5 Fighting
 * Level 4.1 Crossbows
 - Level 2.4 Dodging
 - Level 1.1 Spellcasting
 - Level 3.0 Hexes


You had 3 spell levels left.
You knew the following spells:

 Your Spells              Type           Power        Failure   Level  Hunger
a - Corona                Hex            #......      10%         1    ##.....


Dungeon Overview and Level Annotations

Branches:
Dungeon (1/15)

Altars:


Innate Abilities, Weirdness & Mutations

You are small and have problems with some larger weapons.
You are carnivorous and can eat meat at any time.


Message History

Firing (i - inventory. (,) - cycle):
d - 10 bolts (quivered)
Press: ? - help, Shift-Dir - straight line, f - adder
Aim: an adder (hasn't noticed you)
You shoot a bolt. The bolt barely misses the adder.
The adder hisses angrily.
Firing (i - inventory. (,) - cycle):
d - 9 bolts (quivered)
Press: ? - help, Shift-Dir - straight line, f/p - adder
Aim: an adder You shoot a bolt.
The bolt closely misses the adder.
You sense an unholy aura.
a - a +0 dagger of draining (weapon)
You hit the adder but do no damage. The adder bites you but does no damage.
The adder bites you.
Damage: 2 (max 2)
You hit the adder but do no damage. The adder completely misses you.
You closely miss the adder. The adder closely misses you.
You closely miss the adder. The adder bites you. The adder closely misses you.
Damage: 1 (max 2)
You barely miss the adder. The adder bites you.
* * * LOW HITPOINT WARNING * * *
Damage: 3 (max 3)
You hit the adder.
The adder is lightly wounded.
The adder closely misses you.
You miss the adder.
The adder is lightly wounded.
The adder barely misses you. The adder bites you but does no damage.
You miss the adder.
The adder is lightly wounded.
The adder misses you.
b - a +0 hand crossbow (weapon)
Firing (i - inventory. (,) - cycle):
d - 8 bolts (quivered)
Press: ? - help, Shift-Dir - straight line, f/p - adder
Aim: an adder (lightly wounded)
You shoot a bolt. The bolt barely misses the adder.
The adder bites you.
* * * LOW HITPOINT WARNING * * *
The adder closely misses you.
Damage: 3 (max 3) Firing (i - inventory. (,) - cycle):
d - 7 bolts (quivered)
Press: ? - help, Shift-Dir - straight line, f/p - adder
Aim: an adder (lightly wounded)
You shoot a bolt. The bolt closely misses the adder.
The adder bites you.
* * * LOW HITPOINT WARNING * * *
The adder bites you but does no damage.
Damage: 3 (max 3) Firing (i - inventory. (,) - cycle):
d - 6 bolts (quivered)
Press: ? - help, Shift-Dir - straight line, f/p - adder
Aim: an adder (lightly wounded)
You shoot a bolt. The bolt misses the adder.
The adder bites you.
You die...

#.# #.# #.# #.# #.#
#.# #.# #.# #.# ###.#
####.### #.#
#...####....#.###.#
..........>...##..#
#...######.#####.##
...........## #.#
#.#..#......# #@#
#+##.#.####.# #!S#
.......# #.# #.##
.......####.# #(
...%#.....#.# #.
............. ..
).......#.#######
..####..........
.......###############


You could see an adder.

Vanquished Creatures
  3 dart slugs (D:1)
  2 leopard geckos (D:1)
  4 bats (D:1)
  A goblin (D:1)
  6 hobgoblins (D:1)
  A frilled lizard (D:1)
  4 kobolds (D:1)
  2 rats (D:1)
23 creatures vanquished.

Notes
Turn   | Place    | Note
-------+----------+-------------------------------------------
     0 | D:1      | Gorice the Kobold Arcane Marksman began the quest for the Orb.
     0 | D:1      | Reached XP level 1. HP: 12/12 MP: 2/2
    80 | D:1      | Reached skill level 3 in Crossbows
    81 | D:1      | Reached XP level 2. HP: 16/16 MP: 3/3
   236 | D:1      | Reached XP level 3. HP: 15/20 MP: 4/4
   443 | D:1      | Reached skill level 4 in Crossbows
   633 | D:1      | HP: 4/20 [adder (4)]
   634 | D:1      | Slain by an adder

Vault maps used:
D:1:      dpeg_arrival_rooms_a, serial_co_window_serial, co_window_corner_a,
          co_window_corner_a, co_window_paths_b, co_window_cross_1,
          co_window_corner_a, co_window_cross_4, co_window_broadway_b,
          co_window_paths_c, co_window_unsneaky_path_d, co_window_2corner,
          co_window_2corner, glass_columns_c, glass_columns_b, glass_columns_b

Skill      XL: |  1  2  3 |
---------------+----------+-----
Crossbows      | 3 4 |  4.1
Fighting       | |  1.5
Dodging        | |  2.4
Spellcasting   | |  1.1
Hexes          | |  3.0

Action                   || total
-------------------------++-------
Melee: Dagger            ||    11
 Fire: Hand crossbow     ||    63
  Eat: Chunk             ||     7
Armor: Robe              ||     7
Dodge: Dodged            ||    37

Table legend:
 A = Turns spent in this place as a percentage of turns spent in the entire game.
 B = Non-inter-level travel turns spent in this place as a percentage of non-inter-level travel turns spent in the entire game.
 C = Inter-level travel turns spent in this place as a percentage of turns spent in this place.
 D = Turns resting spent in this place as a percentage of non-inter-level travel turns spent in this place.
 E = Turns spent auto-exploring this place as a percentage of non-inter-level travel turns spent in this place.
 F = Non-inter-level travel turns spent in this place divided by the number of levels of this place that you've seen.
                   A       B       C       D       E      F
               +-------+-------+-------+-------+-------+----------------------
         Total | 100.0 | 100.0 |   0.0 |   0.7 |   5.8 | 274.0
       Dungeon | 100.0 | 100.0 |   0.0 |   0.7 |   5.8 | 274.0
               +-------+-------+-------+-------+-------+----------------------

Vault maps used:
D:1:      dpeg_arrival_rooms_a, serial_co_window_serial, co_window_corner_a,
          co_window_corner_a, co_window_paths_b, co_window_cross_1,
          co_window_corner_a, co_window_cross_4, co_window_broadway_b,
          co_window_paths_c, co_window_unsneaky_path_d, co_window_2corner,
          co_window_2corner, glass_columns_c, glass_columns_b, glass_columns_b
